 Dungeon Crawl Stone Soup version 0.25-a0-1118-g1a081956a1 (webtiles) character file.

Game seed: 7197481732262137377, levelgen mode: deterministic

73 P0NYSLAYSTATION the Cudgeler (level 4, 0/40 HPs)
             Began as a Minotaur Monk on May 17, 2020.
             Slain by an orc
             ... wielding a +0 flail of protection
              (7 damage)
             ... on level 3 of the Dungeon.
             The game lasted 00:04:27 (808 turns).

P0NYSLAYSTATION the Cudgeler (Minotaur Monk)         Turns: 808, Time: 00:04:27

Health: 0/40       AC:  5    Str: 16    XL:     4   Next: 8%
Magic:  3/3        EV: 12    Int:  7    God:
Gold:   60         SH:  0    Dex: 13    Spells: 3/3 levels left

rFire    . . .     SeeInvis .   a - +0 mace
rCold    . . .     Gourm    .   (no shield)
rNeg     . . .     Faith    .   d - +0 ring mail
rPois    +         Spirit   .   (helmet restricted)
rElec    .         Reflect  .   (no cloak)
rCorr    .         Harm     .   (no gloves)
MR       .....                  (no boots)
Stlth    +.........             (no amulet)
HPRegen  0.13/turn              (no ring)
MPRegen  0.08/turn              (no ring)

@: flying
A: retaliatory headbutt, hooves 1, horns 2, poison resistance
a: no special abilities


You were on level 3 of the Dungeon.
You were not hungry.

You visited 1 branch of the dungeon, and saw 3 of its levels.

You collected 60 gold pieces.

Inventory:

Hand Weapons
 a - a +0 mace (weapon)
Armour
 b - a +0 robe
 d - a +0 ring mail (worn)
Scrolls
 g - a scroll of identify {unknown}
Potions
 e - a potion of flight
Comestibles
 c - a ration
 f - 4 chunks of flesh


   Skills:
 + Level 4.1 Fighting
 + Level 4.4 Maces & Flails
 * Level 1.5 Armour
 + Level 4.0 Dodging
 + Level 1.7 Stealth


You had 3 spell levels left.
You didn't know any spells.
Your spell library was empty.

Dungeon Overview and Level Annotations

Branches:
Dungeon (3/15)

Altars:
Fedhas


Innate Abilities, Weirdness & Mutations

You reflexively headbutt those who attack you in melee.
You have a pair of horns on your head.
You have large cloven feet.
Your system is resistant to poisons. (rPois)


Message History

The orc is moderately wounded.
The orc hits you with a +0 flail of protection.
You closely miss the orc.
The orc is moderately wounded.
The orc hits you with a +0 flail of protection!
* * * LOW HITPOINT WARNING * * *
Sorry, you're not good enough to have a special ability.
It was a potion of flight.
You feel very buoyant.
You fly up into the air.
A rat comes into view.
The orc misses you.
It was a potion of mutation.
You feel extremely strange.
You feel resistant to poisons.
Your feet thicken and deform.
The orc hits you with a +0 flail of protection.
* * * LOW HITPOINT WARNING * * *
It was a potion of curing.
You feel better.
The kobold shouts!
The orc hits you with a +0 flail of protection!
You die...
K............. .... ..P.P... ........_... ..... .PKP.

..?....... ...
#.....#..
...###..#..o#
........##o#
#...#...#@#
##.........##
##..♣........#
#............##
#.....♣).<....#
#..<......#.#.###
#.....♣.........#
#.........÷.###.#
##..♣....#......#


You could see 2 orcs and a kobold.

Vanquished Creatures
  A worker ant (D:2)
  2 adders
  An ooze (D:1)
  A worm (D:2)
  2 orcs (D:3)
  2 goblins
  2 hobgoblins (D:1)
  A quokka (D:3)
  3 bats (D:1)
  3 frilled lizards
  4 kobolds
  A rat (D:1)
23 creatures vanquished.

Notes
Turn   | Place    | Note
-------+----------+-------------------------------------------
     0 | D:1      | P0NYSLAYSTATION the Minotaur Monk began the quest for the
                  | Orb.
     0 | D:1      | Reached XP level 1. HP: 19/19 MP: 0/0
   364 | D:2      | Reached XP level 2. HP: 27/27 MP: 1/1
   591 | D:2      | Reached skill level 1 in Armour
   591 | D:2      | Reached XP level 3. HP: 32/33 MP: 2/2
   783 | D:3      | Found a blossoming altar of Fedhas.
   793 | D:3      | Reached XP level 4. HP: 40/40 MP: 3/3
   807 | D:3      | Gained mutation: Your system is resistant to poisons.
                  | (rPois) [potion of mutation]
   807 | D:3      | Gained mutation: You have large cloven feet. [potion of
                  | mutation]
   807 | D:3      | HP: 2/40 [orc/+0 flail of protection (6)]
   808 | D:3      | Slain by an orc

Illustrated notes

Levels and vault maps discovered:
D:1:      evilmike_arrival_plus, layout_loops_ring
D:2:      layout_rooms
D:3:      layout_rooms, grunt_ministairs_9, fedhas_altar_1

Skill      XL: |  1  2  3 |
---------------+----------+-----
Maces & Flails | 4 |  4.4
Armour         | 1 |  1.5
Fighting       | 4 |  4.1
Dodging        | 4 |  4.0
Stealth        | |  1.7

Action                   |  1- 3 |  4- 6 || total
-------------------------+-------+-------++-------
Melee: Mace              |    62 |    12 ||    74
       Headbutt          |     8 |     2 ||    10
  Use: Potion            |       |     3 ||     3
Armor: Robe              |     3 |       ||     3
       Ring mail         |    17 |       ||    17
Dodge: Dodged            |    70 |     4 ||    74

Table legend:
 A = Non-vault XP
 B = Vault XP
 C = Vault XP percentage of total XP
 D = Non-vault monster count
 E = Vault monster count
 F = Vault count percentage of total count
                 A         B        C        D         E       F
            +---------+---------+-------+---------+---------+-------
      Total |     102 |       3 |   2.9 |      21 |       2 |   8.7
            +---------+---------+-------+---------+---------+-------
        D:1 |      20 |       0 |   0.0 |      10 |       0 |   0.0
        D:2 |      57 |       1 |   1.7 |       5 |       1 |  16.7
        D:3 |      25 |       2 |   7.4 |       6 |       1 |  14.3
            +---------+---------+-------+---------+---------+-------
